 Dungeon Crawl Stone Soup version 0.28.0 (webtiles) character file.

Game seed: 6710265711503464102

109365 SnakkuSnakku7 the Severer (level 16, 0/122 HPs)
             Began as a Mummy Cinder Acolyte on Feb 10, 2022.
             Was a High Priest of Ignis.
             Slain by a spriggan defender simulacrum (16 damage)
             ... in an ice cave on Feb 11, 2022.
             The game lasted 00:54:16 (31224 turns).

SnakkuSnakku7 the Severer (Mummy Cinder Acolyte)   Turns: 31224, Time: 00:54:17

Health: 0/122      AC: 31    Str: 30    XL:     16   Next: 4%
Magic:  18/18      EV: 14    Int: 16    God:    Ignis [*****.]
Gold:   1488       SH:  8    Dex: 10    Spells: 15/17 levels left

rFire   . . .      SeeInvis .   a - +5 broad axe (freeze)
rCold   + + .      Faith    .   r - +3 warlock's mirror {reflect}
rNeg    + + +      Spirit   .   m - +8 chain mail of the Orcish Mines {rPois rC+ Regen+}
rPois   ∞          Reflect  +   n - +2 helmet
rElec   .          Harm     .   z - +2 cloak {rCorr}
rCorr   +          Rampage  .   s - +0 pair of gloves of the Pit {Str+4}
Will    ++...                   l - +2 pair of boots {Stlth+}
Stlth   ..........              w - amulet of magic regeneration
HPRegen 1.10/turn               H - +6 ring of strength
MPRegen 0.56/turn               F - +4 ring of evasion

@: no status effects
A: cold resistance 1, negative energy resistance 3, torment resistance 2, heat
vulnerability 1, in touch with death 1, no potions
a: Renounce Religion, Fiery Armour, Foxfire Swarm


You were in an ice cave.
You worshipped Ignis.
Ignis was extremely pleased with you.
You visited 3 branches of the dungeon, and saw 23 of its levels.
You also visited: Bailey and Ice Cave.

You collected 3098 gold pieces.
You spent 1610 gold pieces at shops.

Inventory:

Hand Weapons
 a - a +5 broad axe of freezing (weapon)
 b - a +1 hand axe of flaming
Missiles
 v - 2 throwing nets (quivered)
 E - 3 curare-tipped darts
Armour
 l - a +2 pair of boots of stealth (worn)
 m - the +8 chain mail of the Orcish Mines (worn) {rPois rC+ Regen+}
   (You bought it in a shop on level 4 of the Dungeon)

   rC:        It protects you from cold.
   rPois:     It protects you from poison.
   Regen:     It increases your rate of health regeneration.
 n - a +2 helmet (worn)
 r - the +3 warlock's mirror (worn) {reflect}
   (You acquired it on level 9 of the Dungeon)

   It can block and reflect piercing ranged attacks and magical attacks against
   the wielder's willpower.
 s - the +0 pair of gloves of the Pit (worn) {Str+4}
   (You bought it in a shop on level 4 of the Dungeon)

   Str:       It affects your strength (+4).
 z - a +2 cloak of preservation (worn)
 A - a +0 crystal plate armour
Jewellery
 o - a ring of resist corrosion
 u - a ring of willpower
 w - an amulet of magic regeneration (around neck)
 y - a ring of protection from cold
 F - a +4 ring of evasion (right hand)
 H - a +6 ring of strength (left hand)
 L - a ring of fire
Wands
 c - a wand of flame (16)
 g - a wand of paralysis (6)
 h - a wand of iceblast (19)
 k - a wand of polymorph (10)
 q - a wand of digging (8)
 D - a wand of acid (4)
Scrolls
 d - 18 scrolls of identify
 f - 4 scrolls of holy word
 i - 5 scrolls of magic mapping
 j - 3 scrolls of vulnerability
 p - 9 scrolls of blinking
 t - 3 scrolls of fog
 B - a scroll of amnesia
 C - a scroll of fear
 G - a scroll of torment
 I - a scroll of teleportation
 K - 3 scrolls of enchant armour
Miscellaneous
 e - a condenser vane (inert)
 J - a phantom mirror


   Skills:
 - Level 10.0 Fighting
 - Level 16.9(18.0) Axes
 - Level 10.3(14.8) Maces & Flails
 - Level 4.0 Throwing
 - Level 10.0 Armour
 + Level 4.3 Dodging
 - Level 5.0 Shields
 - Level 1.3 Spellcasting
 - Level 4.1 Fire Magic


You had 15 spell levels left.
You knew the following spells:

 Your Spells              Type           Power      Damage    Failure   Level
a - Scorch                Fire           28%        2d6       30%         2

Your spell library contained the following spells:

 Spells                   Type           Power      Damage    Failure   Level
 Magic Dart               Conj           4%         1d3       73%         1
 Pain                     Necr           4%         1d4       73%         1
 Shock                    Conj/Air       4%         1d3       73%         1
 Blink                    Tloc           2%         N/A       86%         2
 Searing Ray              Conj           2%         2d4       86%         2
 Confusing Touch          Hex            1%         N/A       97%         3
 Lesser Beckoning         Tloc           1%         N/A       97%         3
 Swiftness                Air            1%         N/A       97%         3
 Airstrike                Air            0%         N/A       100%        4
 Animate Dead             Necr           0%         N/A       100%        4
 Fulminant Prism          Conj/Hex       0%         3d6       100%        4
 Passage of Golubria      Tloc           1%         N/A       100%        4
 Summon Ice Beast         Ice/Summ       1%         N/A       100%        4
 Agony                    Necr           1%         N/A       100%        5
 Excruciating Wounds      Necr           0%         N/A       100%        5
 Iskenderun's Battlesphe  Conj           1%         2d6       100%        5
 Manifold Assault         Tloc           1%         N/A       100%        5
 Silence                  Hex/Air        0%         N/A       100%        5
 Summon Forest            Summ/Tloc      0%         N/A       100%        5
 Summon Mana Viper        Hex/Summ       1%         N/A       100%        5
 Yara's Violent Unravell  Hex/Tmut       0%         3d3       100%        5
 Eringya's Noxious Bog    Tmut/Pois      0%         N/A       100%        6
 Iron Shot                Conj/Erth      0%         9d1       100%        6
 Enfeeble                 Hex            0%         N/A       100%        7
 Haunt                    Necr/Summ      0%         N/A       100%        7
 Monstrous Menagerie      Summ           0%         N/A       100%        7
 Spellforged Servitor     Conj/Summ      0%         N/A       100%        7
 Summon Hydra             Summ           0%         N/A       100%        7
 Infestation              Necr           0%         N/A       100%        8
 Lehudib's Crystal Spear  Conj/Erth      0%         10d2      100%        8


Dungeon Overview and Level Annotations

Branches:
Dungeon (15/15)            Temple (0/1) D:7            Lair (6/6) D:11
 Shoals (0/4) Lair:4       Spider (0/4) Lair:4        Slime (0/5) Lair:5
    Orc (2/2) D:12            Elf (0/3) Orc:2        Vaults (0/5) D:13
 Depths (0/4) D:15         Bailey (visited)           IceCv (1/1)

Altars:
Fedhas
Nemelex Xobeh
Qazlal
Sif Muna
Xom
Beogh
Jiyva

Shops:
D:4 [:[?*   Orc:2 ([:(

Annotations:
D:5 1 runed translucent door
D:7 Selrock's ghost, novice DsBe
D:11 Fly


Innate Abilities, Weirdness & Mutations

You are immune to poison.
Your flesh is cold resistant. (rC+)
You are immune to negative energy. (rN+++)
You are immune to unholy pain and torment.
You are vulnerable to heat. (rF-)
You are in touch with the powers of death.
You do not drink.


Message History

Unknown command.
You slice the ice devil!!
The ice devil is severely wounded.
The ice devil hits you but does no damage.
You slice the ice devil!!
You kill the ice devil!
You hit the ice devil but do no damage.
The ice devil is heavily wounded.
The ice devil hits you but does no damage.
You hit the harpy simulacrum but do no damage.
The harpy simulacrum is heavily damaged.
You hit the ice devil.
You block the harpy simulacrum's attack. x2
The harpy simulacrum barely misses you.
The harpy simulacrum claws you but does no damage.
The ice devil hits you.
* * * LOW HITPOINT WARNING * * *
The ice devil freezes you. You resist.
* * * LOW HITPOINT WARNING * * *
You slice the harpy simulacrum!!
The harpy simulacrum vaporises!
You hit the ice devil.
Unknown command.
You slash the ice devil!
The ice devil is almost dead.
You slash the spriggan defender simulacrum!
The spriggan defender simulacrum hits you!
* * * LOW HITPOINT WARNING * * *
The spriggan defender simulacrum freezes you.
You resist.
* * * LOW HITPOINT WARNING * * *
The ice devil hits you but does no damage.
The spriggan defender simulacrum hits you but does no damage.
Okay, then.
Aiming: Paralyse
Press: ? - help, Shift-Dir - straight line, f - spriggan defender simulacrum
Aim: a spriggan defender simulacrum (moderately damaged, chance to affect: 49%)
The spriggan defender simulacrum resists with some effort.
The spriggan defender simulacrum hits you!
You die...

#####
##...##
##..∩..##
#.......#
#...∩...#
##.....##
##..@##
##.4Z#
#...##
#..Z##
##...##
##...#
##..#
##WZ##
#.Z##


You could see an ice devil, a dire elephant simulacrum and a spriggan defender
simulacrum.

Vanquished Creatures
  The ghost of Feulaj the Severer, a journeyman MiBe of Trog (Lair:3)
  3 dire elephants (Lair:6)
  Josephine (D:10)
  A catoblepas (Lair:6)
  4 centaur warriors
  15 hydras
  3 boulder beetles
  A vault guard (D:13)
  4 death yaks
  An ogre mage (D:10)
  A death knight (D:11)
  5 two-headed ogres
  A tengu warrior (D:14)
  A spectral dire elephant (Lair:6)
  Urug (Orc:1)
  Sonja (Lair:6)
  A fire crab (Lair:6)
  A fire crab (shapeshifter) (D:13)
  7 skeletal warriors
  A spectral death yak (Lair:6)
  A spectral anaconda (Lair:6)
  An obsidian statue (Lair:6)
  3 necromancers (Lair:6)
  A wizard (D:10)
  3 deep elf pyromancers
  3 wolf spiders
  6 ugly things (D:15)
  An orc knight (Bailey)
  5 oklob plants
  7 orc sorcerers (Orc:2)
  2 manticores
  3 cyclopes
  Maurice (D:10)
  7 black mambas
  2 torpor snails (Lair:6)
  4 gargoyles
  26 elephants
  Joseph (D:10)
  11 cane toads
  9 komodo dragons
  2 unseen horrors
  A yaktaur (D:13)
  An ice devil (IceCv)
  4 rime drakes
  3 anaconda simulacra (IceCv)
  An efreet (D:13)
  3 freezing wraiths (D:15)
  A burning bush (Lair:1)
  7 trolls
  3 polar bears
  Grinder (D:3)
  43 blink frogs
  8 slime creatures
  2 hornets
  2 spectral elephants (Lair:6)
  A snapping turtle (Lair:4)
  A meliai zombie (D:10)
  A shadow (D:11)
  2 culicivoras (Lair:4)
  2 dire elephant simulacra
  2 wyverns (Lair:4)
  35 yaks
  3 vampires
  4 wraiths
  10 basilisks
  A steam dragon (Lair:3)
  A minotaur simulacrum (IceCv)
  10 vampire mosquitoes
  A death yak simulacrum (Lair:6)
  8 wargs
  2 spectral cane toads (Lair:6)
  2 harpy simulacra (IceCv)
  14 water moccasins
  2 acid dragons
  13 orc warriors
  An alligator simulacrum (IceCv)
  2 ice beasts
  5 black bears
  4 necrophages
  2 sky beasts
  5 ogres
  17 centaurs
  3 elephant skeletons (Lair:6)
  39 wolves
  5 kobold brigands
  21 bullfrogs
  A cane toad simulacrum (Lair:6)
  2 gnoll sergeants (D:5)
  A wyvern zombie (D:8)
  A scorpion (D:5)
  A jelly (D:6)
  4 killer bees (D:5)
  4 wights (D:11)
  4 howler monkeys
  2 electric eels
  7 centaur zombies
  13 orc priests
  4 gnoll shamans
  7 hounds
  6 iguanas
  Natasha (thrice) (D:3)
  36 orc wizards
  4 hell rats (Lair:4)
  2 mummies (D:11)
  26 gnolls
  6 adders
  A shadow imp (D:7)
  4 white imps
  An adder skeleton (D:4)
  2 worms (D:3)
  4 dart slugs
  80 orcs
  2 endoplasms
  4 giant cockroaches
  12 goblins
  8 hobgoblins
  11 jackals
  18 kobolds
  6 quokkas
  10 ball pythons
  11 bats
  4 frilled lizards (D:1)
  A quokka skeleton (D:4)
  9 rats
774 creatures vanquished.

Vanquished Creatures (collateral kills)
  2 orc warriors (Bailey)
  A kobold brigand (Bailey)
3 creatures vanquished.

Vanquished Creatures (others)
  An acid dragon (D:10)
  A kobold brigand (Bailey)
  50 fungi
  68 plants
  18 withered plants
138 creatures vanquished.

Grand Total: 915 creatures vanquished

Notes
Turn   | Place    | Note
-------+----------+-------------------------------------------
     0 | D:1      | SnakkuSnakku7 the Mummy Cinder Acolyte began the quest for
                  | the Orb.
     0 | D:1      | Reached XP level 1. HP: 18/18 MP: 2/2
    80 | D:1      | Reached XP level 2. HP: 17/24 MP: 4/4
    99 | D:1      | Learned a level 2 spell: Scorch
   791 | D:1      | Reached XP level 3. HP: 12/29 MP: 0/5
  1433 | D:2      | Reached XP level 4. HP: 30/35 MP: 0/6
  1511 | D:2      | HP: 1/35 [gnoll (8)]
  2310 | D:3      | Noticed Natasha
  2326 | D:3      | Killed Natasha
  2586 | D:3      | Reached XP level 5. HP: 40/41 MP: 7/7
  2607 | D:3      | Noticed Natasha
  2625 | D:3      | Killed Natasha
  2626 | D:3      | Reached skill level 1 in Throwing
  2971 | D:3      | Noticed Natasha
  2998 | D:3      | Killed Natasha
  3491 | D:3      | Noticed Grinder
  3508 | D:3      | Paralysed by Grinder for 2 turns
  3519 | D:3      | Paralysed by Grinder for 6 turns
  3756 | D:3      | Paralysed by Grinder for 7 turns
  3778 | D:3      | Killed Grinder
  3779 | D:3      | Reached XP level 6. HP: 6/47 MP: 8/8
  4149 | D:4      | Found Cecif's Magic Scroll Shop.
  4152 | D:4      | Bought a scroll of noise for 13 gold pieces
  4153 | D:4      | Bought a scroll of blinking for 97 gold pieces
  4185 | D:4      | Bought a scroll of teleportation for 39 gold pieces
  4217 | D:4      | Found Xaeduid's Antique Armour Emporium.
  4441 | D:4      | Found Ythur's Armour Shop.
  4822 | D:4      | Found Ameir's Book Boutique.
  4955 | D:4      | Reached XP level 7. HP: 13/52 MP: 9/9
  5277 | D:4      | Reached skill level 5 in Maces & Flails
  5576 | D:4      | Found Voupal's General Store.
  5595 | D:4      | Bought a scroll of identify for 20 gold pieces
  6291 | D:5      | Entered Level 5 of the Dungeon
  6628 | D:5      | Found a runed translucent door.
  6630 | D:5      | Noticed Selrock's ghost (novice DsBe)
  6693 | D:5      | Reached XP level 8. HP: 42/58 MP: 10/10
  6884 | D:5      | Found a runed translucent door.
  7668 | D:5      | Found a runed translucent door.
  8934 | D:5      | HP: 1/58 [orc priest/divine providence (14)]
  9765 | D:4      | Bought a pair of embroidered boots for 187 gold pieces
 10055 | D:6      | Reached XP level 9. HP: 53/63 MP: 11/11
 12377 | D:4      | Bought a +0 kite shield for 54 gold pieces
 12624 | D:6      | Found a stormy altar of Qazlal.
 12761 | D:6      | Reached skill level 10 in Maces & Flails
 13088 | D:6      | Reached skill level 1 in Shields
 14326 | D:7      | Found a staircase to the Ecumenical Temple.
 14780 | D:8      | Noticed a two-headed ogre
 14806 | D:8      | Killed a two-headed ogre
 14807 | D:8      | Reached skill level 2 in Axes
 14807 | D:8      | Reached XP level 10. HP: 22/73 MP: 12/12
 15115 | D:8      | Reached skill level 3 in Axes
 15383 | D:8      | Reached skill level 4 in Axes
 16031 | D:9      | Identified a scroll of acquirement
 16034 | D:9      | Acquired 849 gold pieces
 16250 | D:9      | Acquired the +3 warlock's mirror {reflect}
 16250 | D:9      | Found the +3 warlock's mirror {reflect}
 16401 | D:4      | Bought a distressingly furry chain mail for 237 gold pieces
 16401 | D:4      | Identified the +8 chain mail of the Orcish Mines {rPois rC+
                  | Regen+} (You bought it in a shop on level 4 of the Dungeon)
 16401 | D:4      | Bought a pair of faintly glowing gloves for 237 gold pieces
 16401 | D:4      | Identified the +0 pair of gloves of the Pit {Str+4} (You
                  | bought it in a shop on level 4 of the Dungeon)
 16448 | D:4      | Bought a condenser vane for 400 gold pieces
 16448 | D:4      | Bought a scroll of magic mapping for 35 gold pieces
 16465 | D:4      | Bought a scroll of enchant weapon for 97 gold pieces
 16550 | D:10     | Entered Level 10 of the Dungeon
 16575 | D:9      | Reached skill level 5 in Axes
 16645 | D:10     | Reached skill level 6 in Axes
 16672 | D:10     | Noticed Joseph
 16745 | D:10     | Noticed a gargoyle
 16745 | D:10     | Found a flagged portal.
 16752 | D:10     | Killed a gargoyle
 16792 | D:10     | Noticed Maurice
 16808 | D:10     | Reached skill level 7 in Axes
 16815 | D:10     | Killed Maurice
 16850 | Bailey   | Entered a bailey
 16943 | Bailey   | Noticed an orc knight
 16970 | Bailey   | Reached XP level 11. HP: 63/78 MP: 13/13
 16973 | Bailey   | Killed an orc knight
 16974 | Bailey   | Reached skill level 8 in Axes
 16991 | Bailey   | Found a bloodstained altar of Trog.
 17121 | D:10     | Killed Joseph
 17192 | D:10     | Noticed a centaur warrior
 17204 | D:10     | Killed a centaur warrior
 17205 | D:10     | Noticed a wizard
 17296 | D:10     | Killed a wizard
 17297 | D:10     | Reached skill level 9 in Axes
 17519 | D:10     | Noticed an ogre mage
 17667 | D:10     | Killed an ogre mage
 17668 | D:10     | Reached skill level 10 in Axes
 17704 | D:10     | Noticed Josephine
 17715 | D:10     | Killed Josephine
 17891 | D:11     | Noticed an oklob plant
 17897 | D:11     | Found a staircase to the Lair.
 17902 | D:11     | Noticed an oklob plant
 17933 | D:11     | Reached skill level 11 in Axes
 18344 | D:11     | Reached XP level 12. HP: 84/84 MP: 14/14
 18348 | D:11     | Noticed a death knight
 18383 | D:11     | Killed a death knight
 18592 | D:11     | Reached skill level 12 in Axes
 18634 | D:11     | Noticed a boulder beetle
 18804 | Lair:1   | Entered Level 1 of the Lair of Beasts
 18950 | Lair:1   | Noticed an eight-headed hydra
 19108 | D:4      | Bought a scroll of blinking for 97 gold pieces
 19279 | Lair:1   | Killed a one-headed hydra
 19348 | Lair:1   | Reached skill level 13 in Axes
 19522 | Lair:1   | Noticed an eight-headed hydra
 19546 | Lair:1   | Killed a one-headed hydra
 19547 | Lair:1   | Reached skill level 5 in Fighting
 20397 | Lair:2   | Noticed an eight-headed hydra
 20484 | Lair:2   | Noticed a four-headed hydra
 20526 | Lair:2   | Killed a one-headed hydra
 20527 | Lair:2   | Gained mutation: You are in touch with the powers of death.
                  | [Mummy growth]
 20527 | Lair:2   | Reached XP level 13. HP: 42/99 MP: 15/15
 20623 | Lair:2   | Found a sparkling altar of Nemelex Xobeh.
 21454 | Lair:3   | Found a transporter.
 21468 | Lair:3   | Reached skill level 10 in Fighting
 21810 | Lair:3   | Noticed Feulaj's ghost (journeyman MiBe)
 21884 | Lair:3   | Found a transporter.
 21986 | Lair:3   | Reached skill level 5 in Shields
 21993 | Lair:3   | Reached skill level 1 in Armour
 22522 | Lair:4   | Found a blossoming altar of Fedhas.
 22610 | Lair:4   | Reached skill level 5 in Armour
 22731 | Lair:4   | Found a hole to the Spider Nest.
 23083 | Lair:4   | Found a staircase to the Shoals.
 23313 | Lair:5   | Reached XP level 14. HP: 55/110 MP: 16/16
 23444 | Lair:5   | Found a viscous altar of Jiyva.
 23444 | Lair:5   | Found a staircase to the Slime Pits.
 24103 | Lair:5   | Identified the +1 leather armour of the Kraken {Harm Drain
                  | rF+ rN+}
 24156 | Lair:6   | Entered Level 6 of the Lair of Beasts
 24452 | Lair:6   | Reached skill level 10 in Armour
 24983 | Lair:6   | Noticed Sonja
 24989 | Lair:6   | Killed Sonja
 25201 | Lair:6   | Found a shimmering altar of Xom.
 25221 | Lair:6   | Reached skill level 14 in Axes
 25391 | Lair:6   | Found the +13 scythe of Curses {drain, Drain}
 25736 | Lair:6   | Reached XP level 15. HP: 105/115 MP: 17/17
 26212 | Lair:3   | Reached skill level 15 in Axes
 26253 | Lair:3   | Killed Feulaj's ghost
 26803 | D:4      | Bought a scroll of torment for 97 gold pieces
 27015 | D:12     | Found a staircase to the Orcish Mines.
 27915 | Orc:1    | Entered Level 1 of the Orcish Mines
 27928 | Orc:1    | Noticed Urug
 27944 | Orc:1    | Killed Urug
 28152 | Orc:2    | Entered Level 2 of the Orcish Mines
 28319 | Orc:2    | Found a staircase to the Elven Halls.
 28527 | Orc:2    | Found Ulibraoko's Book Emporium.
 28527 | Orc:2    | Found Zotasoed's Antique Weapon Shop.
 28675 | Orc:2    | Found Nitagah's Antique Weapon Emporium.
 28682 | Orc:2    | Reached skill level 16 in Axes
 28689 | Orc:2    | Found Zeitih's Armour Shop.
 29725 | D:13     | Found a gate to the Vaults.
 30564 | D:14     | Reached skill level 1 in Dodging
 30626 | D:14     | Found a shimmering blue altar of Sif Muna.
 31016 | D:15     | Entered Level 15 of the Dungeon
 31124 | D:15     | Found a frozen archway.
 31137 | D:15     | Reached XP level 16. HP: 111/122 MP: 18/18
 31157 | IceCv    | Entered an ice cave
 31224 | IceCv    | Slain by a spriggan defender simulacrum

Illustrated notes

Levels and vault maps discovered:
D:1:      beargit_arrival_greenhouse, layout_rooms, minmay_cupped
D:2:      layout_rooms
D:3:      layout_loops_ring, uniq_natasha, uniq_grinder
D:4:      layout_layer_cave, serial_shops, nicolae_stop_n_shop_2,
          nicolae_shop_behind_doors, shop, nicolae_shop_advertising_works
          [nicolae_subvault_shop_adworks], kennysheep_little_box,
          hangedman_feature_mirror
D:5:      layout_loops_corners, ebering_ghost_sewer_f, lightli_church_of_beogh
D:6:      layout_cave_pools, grunt_qazlal_clouds, serial_gnoll_camp,
          gnoll_camp_huts_basic, gnoll_camp_mini_doghouse, gnoll_camp_mini_hut,
          gnoll_camp_mini_hut, gnoll_camp_mini_basic
D:7:      layout_basic, minmay_temple_entry_mist
D:8:      layout_basic
D:9:      layout_loops_ring, roderic_lattice_a, corexii_leaking_fountain,
          nicolae_wwwww
D:10:     minmay_bloctagon, layout_cave_pools, enter_bailey_5, uniq_josephine,
          uniq_maurice, uniq_joseph
D:11:     statuecave_lemuel, layout_loops_ring, dpeg_oklobed_lair,
          serial_undead, serial_undead_a, serial_undead_d, serial_undead_e,
          serial_undead_a, minmay_liquid_box
D:12:     layout_stronghold, orc_0_dummy
D:13:     layout_gridville, david_vaults_5
D:14:     layout_stronghold, lemuel_doored_altar
D:15:     hangedman_depths_entry_civil_slaughter, layout_loops_ring,
          chequers_arboretum, portal_ice_cave_entry_frozen_things
Lair:1:   layout_layer_cave, evilmike_ambush [evilmike_ambush_outer_basic,
          evilmike_ambush_inner_cross]
Lair:2:   cheibrodos_lair_river_kwai, layout_loops_ring, basic_altar
Lair:3:   layout_regular_city, nzn_ghost_randoct
Lair:4:   layout_loops_ring, minmay_shoals_entry_hut,
          hellmonk_spider_entry_life_and_decay, hangedman_tree_tricks,
          grunt_megastairs_3
Lair:5:   layout_roguey, dpeg_slime_entry_enclosed_altar,
          nicolae_lair_run_with_the_wolves, infiniplex_staircase_pool_2
Lair:6:   due_jungle_book, layout_cave_pods, lemuel_oklob_altar,
          lemuel_fruit_tree, uniq_sonja
Orc:1:    layout_diamond_mine, uniq_urug
Orc:2:    st_orc_town, layout_caves
IceCv:    ice_cave_small_necro

Skill      XL: |  1  2  3  4  5  6  7  8  9 10 11 12 13 14 15 16 |
---------------+-------------------------------------------------+-----
Fire Magic     | 3 4 |  4.1
Maces & Flails | 3 4 6 8 10 | 10.3
Throwing       | 2 3 4 |  4.0
Fighting       | 4 8 10 | 10.0
Shields        | 2 5 |  5.0
Axes           | 2 7 11 13 14 16 | 16.9
Armour         | 7 10 | 10.0
Dodging        | 3 4 |  4.3
Spellcasting   | |  1.3

Action                   |  1- 3 |  4- 6 |  7- 9 | 10-12 | 13-15 | 16-18 || total
-------------------------+-------+-------+-------+-------+-------+-------++-------
Melee: Mace              |   114 |     7 |       |       |       |       ||   121
       Punch             |     3 |     2 |     7 |       |       |       ||    12
       Whip              |       |   198 |   696 |       |       |       ||   894
       Short sword       |       |       |     8 |    12 |       |       ||    20
       Broad axe         |       |       |       |   548 |  1339 |    32 ||  1919
       Hand axe          |       |       |       |    33 |   113 |       ||   146
Throw: Dart              |       |     6 |    26 |     1 |       |       ||    33
 Cast: Scorch            |    14 |     7 |       |       |       |       ||    21
Invok: Fiery Armour      |       |       |     2 |       |       |       ||     2
       Rising Flame      |       |       |     1 |       |       |       ||     1
Evoke: Wand              |       |       |     5 |    10 |     2 |     1 ||    18
       Condenser vane    |       |       |       |     1 |     1 |     1 ||     3
  Use: Scroll            |       |       |    14 |    10 |     6 |       ||    30
 Stab: Petrified         |       |       |       |     4 |     5 |       ||     9
       Petrifying        |       |       |       |       |     1 |       ||     1
       Paralysed         |       |       |       |       |     1 |       ||     1
Armor: Robe              |    44 |    17 |       |       |       |       ||    61
       Chain mail        |       |    74 |   312 |   574 |   919 |    27 ||  1906
Dodge: Dodged            |   113 |    80 |   195 |   235 |   449 |    24 ||  1096
Block: Buckler           |       |       |       |   249 |   479 |    24 ||   752
       Reflection        |       |       |       |    25 |    23 |       ||    48
